Mourne, chaotic male orcish Priest -------------- |............| ----- |..........>..################..%.| ----- |............| |%..| |..*| |............| |.).-# |...| ----------|--- #....|# #-...| ### #|...|# ----- #|...| # #-----# |...| #|...| ### #### # ##..r..# #----- ---.------ # # # |@..|# ### |........| # # ### -|---### # |........-######## # # # # # # |........| # -------# # # ### -----# |........| ##......|# # -----------[ # |...|# |........| |......# # |.........|# ##.....# ---------- |.....| ### |....*.<..|# |...| |.....| # |..)......|# ----- ------- ##-.)...^....# ----------- Mourne the Adept Experience level: 6 Strength: 14 Dexterity: 11 Constitution: 13 Intelligence: 8 Wisdom: 16 Charisma: 14 Health: 0(47) Energy: 64(64) Def: 5 Gold: 179 Moves: 3068 Dungeon seed: aMcrou0pVy4jFsN- Game ID: Mourne_1520699311 Your Inventory: Coins $ - 179 gold pieces Weapons a - a blessed +2 mace (weapon in hand) Armor e - an uncursed +0 robe (being worn) n - an uncursed +0 orcish shield (being worn) r - an uncursed +0 pair of iron shoes (being worn) Comestibles c - an uncursed clove of garlic d - 2 uncursed sprigs of wolfsbane o - 4 uncursed food rations s - an uncursed cream pie w - 2 uncursed lembas wafers Scrolls q - an uncursed scroll of magic mapping J - a blessed scroll of earth Spellbooks g - a blessed spellbook of clairvoyance Potions b - a potion of holy water k - a cursed potion of fruit juice l - an uncursed potion of monster detection G - an uncursed potion of restore ability Rings t - an uncursed ring of sustain ability Wands p - an uncursed wand of locking (0:4) v - a blessed wand of create monster (0:4) Tools h - an uncursed oil lamp (0:1041) K - an uncursed lock pick Spells and supernatural/magical abilities: Name Level Category Fail Memory I - identify 2 divination 85% 97% W - pray for help -- divine ? -- X - turn undead -- divine ? -- Your skills at the end: Fighting Skills wands [Basic] Weapon Skills mace [Skilled] Spellcasting Skills clerical spells [Basic] Final Attributes: You were immune to poison. You had infravision. You are dead. Vanquished creatures: a large mimic a dog a pony a yellow light a shrieker 2 gnome lords 2 dwarves 2 rothes a rabid rat 2 giant bats 2 orc zombies 2 dwarf zombies 2 iguanas 2 acid blobs a coyote a hobbit 2 giant rats 2 cave spiders a brown mold 2 green molds 8 gnomes 2 garter snakes 5 geckos 5 jackals 2 foxes a kobold a goblin 7 sewer rats 10 grid bugs a bat 8 lichens a kobold zombie 3 newts 85 creatures vanquished. Genocided species: liches demiliches master liches arch-liches 4 species genocided. Voluntary challenges: You were an atheist. You used a wielded weapon 88 times, starting on turn 6. You read items or engraved 8 times, starting on turn 1052. You genocided 4 types of monsters, starting on turn 2698. You never polymorphed an object. You never changed form. You used no wishes. You never split a pudding. You never wrote Elbereth's name. You never violated your personal moral code. Dungeon overview: The Dungeons of Doom: levels 1 to 7 Level 1 some fountains a long staircase Level 2 a potion shop, an altar to Huan Ti, a fountain, a vault Level 3 an armor shop, a vault Level 4 <- You were here a vault stairs to The Gnomish Mines Level 5 Level 6 a fountain Level 7 an altar to Huan Ti The Gnomish Mines: Level 5 stairs to The Dungeons of Doom History has recorded: On T:1 you entered the Dungeons of Doom to retrieve the Amulet of Yendor! On T:340 you reached level 2 of The Dungeons of Doom. On T:438 you advanced to experience level 2. On T:598 you reached level 3 of The Dungeons of Doom. On T:917 you reached level 4 of The Dungeons of Doom. On T:922 you advanced to experience level 3. On T:1244 you reached level 5 of The Dungeons of Doom. On T:1572 you reached level 6 of The Dungeons of Doom. On T:1813 you reached level 7 of The Dungeons of Doom. On T:2007 you advanced to experience level 4. On T:2500 you advanced to experience level 5. On T:2879 you reached level 1 of The Gnomish Mines. On T:2954 you advanced to experience level 6. Score breakdown: Gold: 179 ( 7671 points) Experience: 6 levels (12456 points) Exploration: 7 levels ( 14.58%) (10718 points) Discoveries: 20 items ( 6.92%) ( 7892 points) Valuables value: (no points given unless you survive) Artifact value: 0 ( 0 points) Variety of kills: 33 monsters ( 8.68%) ( 8840 points) Turncount: 3068 turns ( -633 points) Survival: died (score multiplied by 80%) Total score: 37555 Latest messages: You sense a monster nearby! You attack thin air. You are hit! You can see again. Please move the cursor to an unknown object. Done. Please move the cursor to an unknown object. A dog [seen: normal vision, infravision] on the floor of a room. Done. The dog bites! The rabid rat bites! Your scroll of earth softly glows with a light blue aura. The rabid rat bites! You die... Final status: Goodbye Mourne the Priest, killed by a rabid rat... You died in The Dungeons of Doom on dungeon level 4 with 37555 points, and 179 pieces of gold, after 3068 moves. You were level 6 with a maximum of 47 hit points when you died.